 Dungeon Crawl Stone Soup version 0.28-a0-1389-gc726bef33b (webtiles) character file.

Game seed: 738412882790548820

152452 Warped the Stickfighter (level 18, -27/149 HPs)
             Began as a Formicid Fighter on Jan 4, 2022.
             Was the Champion of Makhleb.
             Killed from afar by a quicksilver dragon (37 damage)
             ... with a bolt of dispelling energy
             ... on level 4 of the Snake Pit.
             The game lasted 01:14:53 (31830 turns).

Warped the Stickfighter (Formicid Fighter)         Turns: 31830, Time: 01:14:54

Health: -27/149    AC: 19    Str: 36    XL:     18   Next: 20%
Magic:  23/23      EV: 16    Int:  7    God:    Makhleb [******]
Gold:   1098       SH: 28    Dex: 16    Spells: 17/17 levels left

rFire   + + +      SeeInvis +   a - +8 lajatang (flame)
rCold   . . .      Faith    .   D - +3 tower shield {AC+3}
rNeg    . . .      Spirit   .   s - +0 fire dragon scales
rPois   +          Reflect  +   (helmet unavailable)
rElec   .          Harm     .   w - scarf {rC+ rF+}
rCorr   .          Rampage  +   u - +0 pair of gloves
Will    +....                   c - +0 pair of boots {rampage}
Stlth   ..........              p - amulet "Dehigage" {Reflect Str+8 SH+5 Stlth-}
HPRegen 0.34/turn               d - +6 ring of dexterity
MPRegen 0.18/turn               A - ring of poison resistance

@: no status effects
A: permanent stasis, dig shafts and tunnels, antennae 3, four strong arms, dopey
1, fire resistance 1, subdued magic 1
a: Dig, Shaft Self, Renounce Religion, Minor Destruction, Lesser Servant of
Makhleb, Major Destruction, Greater Servant of Makhleb


You were on level 4 of the Snake Pit.
You worshipped Makhleb.
Makhleb was exalted by your worship.
You visited 6 branches of the dungeon, and saw 29 of its levels.
You also visited: Bailey.

You collected 2933 gold pieces.
You spent 1835 gold pieces at shops.

Inventory:

Hand Weapons
 a - a +8 lajatang of flaming (weapon)
 b - the +7 halberd "Hydraslayer" {venom, rCorr Dex+4}
   (You found it on level 2 of the Lair of Beasts)

   It poisons the flesh of those it strikes.
   Dex:       It affects your dexterity (+4).
   rCorr:     It protects you from acid and corrosion.
 m - a +6 quarterstaff of speed
 o - the +3 flail of Tension {freeze, rElec rC+ Will- Str+5}
   (You found it on level 4 of the Lair of Beasts)

   It freezes those it strikes, dealing additional cold damage.
   It can also slow down cold-blooded creatures.
   Str:       It affects your strength (+5).
   rC:        It protects you from cold.
   rElec:     It insulates you from electricity.
   Will:      It decreases your willpower.
 y - a +4 battleaxe of flaming
Missiles
 e - 834 stones
 g - 31 boomerangs
 j - 368 bolts
 O - 73 sling bullets
 S - 2 throwing nets
 U - 17 curare-tipped darts
Armour
 c - a +0 pair of boots of rampaging (worn)
 s - +0 fire dragon scales (worn)
 u - a +0 pair of gloves (worn)
 w - a scarf of resistance (worn)
 B - an orb of mayhem
 D - a +3 tower shield of protection (worn)
Jewellery
 d - a +6 ring of dexterity (left hand)
 k - an amulet of regeneration
 p - the amulet "Dehigage" (around neck) {Reflect Str+8 SH+5 Stlth-}
   (You bought it in a shop on level 2 of the Orcish Mines)

   [amulet of reflection]

   It reflects blocked missile attacks.
   Str:       It affects your strength (+8).
   SH:        It affects your SH (+5).
   Stlth:     It makes you less stealthy.
 A - a ring of poison resistance (right hand)
 K - a ring of resist corrosion
 M - a ring of willpower
Wands
 h - a wand of paralysis (7)
 i - a wand of flame (13)
 x - a wand of iceblast (20)
 H - a wand of polymorph (9)
 V - a wand of charming (16)
 X - a wand of digging (7)
Scrolls
 l - 16 scrolls of identify
 n - 2 scrolls of magic mapping
 t - a scroll of holy word
 F - 2 scrolls of fear
 I - 6 scrolls of fog
 R - 3 scrolls of enchant armour
Potions
 v - a potion of curing
 z - 2 potions of cancellation
 C - a potion of brilliance
 E - 7 potions of flight
 G - 5 potions of ambrosia
 J - 2 potions of magic
 P - 6 potions of attraction
 Z - 4 potions of mutation
Miscellaneous
 N - a piece from Xom's chessboard (15/15)
 T - a phantom mirror (inert)
 Y - a tin of tremorstones (2/2)


   Skills:
 + Level 15.4 Fighting
 - Level 16.1 Staves
 + Level 14.7 Armour
 + Level 11.3 Dodging
 + Level 16.1 Shields
 - Level 7.0 Invocations
 - Level 6.0 Evocations


You had 17 spell levels left.
You didn't know any spells.
Your spell library contained the following spells:

 Spells                   Type           Power      Damage    Failure   Level
 Foxfire                  Conj/Fire      0%         2x1d4     56%         1
 Freeze                   Ice            0%         1d3       56%         1
 Magic Dart               Conj           0%         1d3       56%         1
 Scorch                   Fire           0%         2d5       71%         2
 Searing Ray              Conj           0%         2d4       71%         2
 Static Discharge         Conj/Air       0%         N/A       71%         2
 Conjure Flame            Conj/Fire      0%         6-21      91%         3
 Dazzling Flash           Conj/Hex       0%         N/A       91%         3
 Frozen Ramparts          Ice            0%         1d2       91%         3
 Gell's Gravitas          Tloc           0%         N/A       91%         3
 Inner Flame              Hex/Fire       0%         N/A       91%         3
 Ozocubu's Armour         Ice            0%         N/A       91%         3
 Portal Projectile        Hex/Tloc       0%         N/A       91%         3
 Teleport Other           Tloc           0%         N/A       91%         3
 Animate Armour           Summ/Erth      0%         N/A       100%        4
 Dispel Undead            Necr           0%         3d6       100%        4
 Flame Wave               Conj/Fire      0%         2d4       100%        4
 Fulminant Prism          Conj/Hex       0%         3d6       100%        4
 Hailstorm                Conj/Ice       0%         3d3       100%        4
 Iskenderun's Mystic Bla  Conj/Tloc      0%         2d3       100%        4
 Petrify                  Tmut/Erth      0%         N/A       100%        4
 Sticky Flame             Conj/Fire      0%         2d3       100%        4
 Blade Hands              Tmut           0%         N/A       100%        5
 Excruciating Wounds      Necr           0%         N/A       100%        5
 Metabolic Englaciation   Hex/Ice        0%         N/A       100%        5
 Summon Forest            Summ/Tloc      0%         N/A       100%        5
 Dispersal                Tloc           0%         N/A       100%        6
 Eringya's Noxious Bog    Tmut/Pois      0%         N/A       100%        6
 Iron Shot                Conj/Erth      0%         9d1       100%        6
 Starburst                Conj/Fire      0%         6d3       100%        6
 Statue Form              Tmut/Erth      0%         N/A       100%        6
 Summon Cactus Giant      Summ           0%         N/A       100%        6
 Ozocubu's Refrigeration  Ice            0%         4d5       100%        7
 Summon Hydra             Summ           0%         N/A       100%        7


Dungeon Overview and Level Annotations

Branches:
Dungeon (15/15)            Temple (1/1) D:7            Lair (6/6) D:8
  Snake (4/4) Lair:2       Spider (0/4) Lair:4        Slime (0/5) Lair:5
    Orc (2/2) D:12            Elf (1/3) Orc:2        Vaults (0/5) D:14
 Depths (0/4) D:15         Bailey (visited)

Altars:
Ashenzari
Cheibriados
Dithmenos
Fedhas
Gozag
Hepliaklqana
Kikubaaqudgha
Makhleb
Nemelex Xobeh
Okawaru
Qazlal
Ru
Sif Muna
Vehumet
Wu Jian
Yredelemnul
The Shining One
Beogh

Shops:
D:4 *   D:8 *   Orc:1 [   Orc:2 [(!=   Snake:2 !*=!(

Portals:
Trove: D:12 (give 17 potions of curing)


Innate Abilities, Weirdness & Mutations

You cannot be hasted, slowed, berserked, paralysed or teleported.
You can dig through walls and to a lower floor.
You have a pair of large antennae on your head. (SInv)
Your four strong arms can wield two-handed weapons with a shield.
You are dopey. (Int -2)
Your flesh is heat resistant. (rF+)
Your spells are a little easier to cast, but a little less powerful.


Message History

You block the guardian serpent's attack.
You block the quicksilver dragon's attack.
The quicksilver dragon completely misses you.
Unknown command.
You slice the quicksilver dragon!! You burn the quicksilver dragon.
The quicksilver dragon is almost dead.
Your resistance to elements expires.
You block the guardian serpent's attack.
The quicksilver dragon bites you!
* * * LOW HITPOINT WARNING * * *
You block the quicksilver dragon's attack.
The guardian serpent coils itself and waves its upper body at you.
The naga sharpshooter blinks into view!
You block the quicksilver dragon's attack.
The quicksilver dragon claws you but does no damage.
Unknown command.
You closely miss the quicksilver dragon.
The quicksilver dragon is almost dead.
The guardian serpent coils itself and waves its upper body at you.
You resist with almost no effort.
The quicksilver dragon bites you but does no damage.
You block the quicksilver dragon's attack.
The naga sharpshooter casts a spell.
The naga sharpshooter magically shoots a bolt.
You reflect the bolt off an invisible shield around you!
You block the quicksilver dragon's attack.
The quicksilver dragon claws you!
* * * LOW HITPOINT WARNING * * *
Unknown command.
You completely miss the naga sharpshooter.
The guardian serpent completely misses you.
The quicksilver dragon bites you!
* * * LOW HITPOINT WARNING * * *
You block the quicksilver dragon's attack.
The naga sharpshooter shoots a bolt.
You reflect the bolt off an invisible shield around you!
The bolt hits the naga sharpshooter!!!
The quicksilver dragon breathes dispelling energy at you.
The bolt of dispelling energy hits you!!!
You die...

# ####...,,,,,,**
****,....#####,,##
##.,,,,..##.8.##,.#
#..,,,*..#.....#,.#
#..***##.'..⌠.8#*.##
#.#####..#.....##..#
...#..#..##...##...#
..........##'##NDD#*
......##......##@#*##
...######......S##..###
.8## ***######.[#.....#**
...##*,,***,,##.8..#,,,8**
....#{,,,*,,,,#S..##*,,,,*
⌠..)'..8,',,8,'....#***,,*
....#...,*,,,.#...##*,,,,*
...###..***,.##.8S.*,,,8**
.8## *##***##*..#...,,***


You could see 2 quicksilver dragons, a naga sharpshooter and 2 guardian
serpents.

Vanquished Creatures
  Saint Roka (Orc:2)
  Frances (D:14)
  3 nagarajas (Snake:4)
  The ghost of gimp the Bludgeoner, a journeyman FoWn of Yredelemnul (D:11)
  A quicksilver ooze (Lair:6)
  The ghost of Wipuing the Fighter, a journeyman MiBe of Trog (D:13)
  The ghost of ASSMAN the Fighter, a journeyman DrBr of Qazlal (Lair:3)
  Nessos (D:14)
  The ghost of Clumpoid the Brawler, a journeyman TrMo of Qazlal (Orc:1)
  A fire dragon (D:14)
  3 boulder beetles
  11 hydras
  15 naga warriors
  8 anacondas
  Erica (Lair:2)
  4 centaur warriors
  An ogre mage (D:14)
  3 salamander tyrants (Snake:4)
  4 death yaks
  3 two-headed ogres
  3 shock serpents
  13 naga sharpshooters
  2 orc high priests
  Nergalle (D:11)
  Sonja (D:13)
  4 sea snakes (Snake:2)
  A flayed ghost (D:15)
  2 skeletal warriors (D:15)
  10 naga ritualists
  A deep elf archer (D:14)
  Pikel (D:4)
  A shadow dragon zombie (D:15)
  5 orc knights
  A necromancer (D:15)
  11 mana vipers
  An oklob plant (Lair:2)
  4 ugly things
  9 salamanders
  A cyclops (D:11)
  3 orc sorcerers
  A manticore (D:12)
  A fire giant zombie (D:15)
  6 guardian serpents
  45 black mambas
  17 naga magi
  4 gargoyles
  10 cane toads
  An unseen horror (D:12)
  5 kobold demonologists
  A rime drake (shapeshifter) (D:8)
  A yaktaur (D:15)
  2 rime drakes
  3 tengu conjurers
  A guardian mummy (D:12)
  14 komodo dragons
  5 trolls
  4 polar bears
  Grinder (D:3)
  6 hornets (Lair:6)
  24 slime creatures
  2 spriggan zombies (D:15)
  8 blink frogs
  10 spriggans (Lair:6)
  Eustachio (D:4)
  A vampire (D:9)
  6 wyverns
  29 yaks
  A steam dragon (D:8)
  7 basilisks
  11 vampire mosquitoes
  Edmund (D:5)
  Menkaure (D:5)
  5 water moccasins
  56 nagas
  4 wargs
  45 orc warriors
  2 sky beasts
  An ice beast (D:7)
  5 black bears
  34 wolves
  9 ogres
  A necrophage (D:8)
  4 boggarts (Lair:6)
  2 lemures (D:3)
  6 centaurs
  13 kobold brigands
  12 bullfrogs
  Blork the orc (D:4)
  5 gnoll sergeants
  4 scorpions
  A wyvern skeleton (D:6)
  A water moccasin skeleton (D:6)
  5 wights (D:8)
  5 killer bees (D:7)
  An electric eel (Lair:1)
  3 howler monkeys
  2 bullfrog zombies
  7 centaur zombies
  A bullfrog skeleton (D:6)
  6 hounds
  A gnoll shaman (D:6)
  17 jellies
  29 orc priests
  Crazy Yiuf (D:2)
  5 iguanas
  36 orc wizards
  6 adders
  27 gnolls
  2 shadow imps (D:6)
  3 white imps
  2 ufetubi
  6 worms
  7 dart slugs
  The ghost of ASSMAN the Sneak, a weakling DEDe (D:7)
  110 orcs
  4 endoplasms (D:3)
  4 giant cockroaches
  9 hobgoblins
  7 quokkas
  6 ball pythons
  2 bats (D:3)
  3 frilled lizards
  2 goblins
  28 kobolds
  7 rats
  13 bushes (Lair:2)
949 creatures vanquished.

Vanquished Creatures (collateral kills)
  4 dart slugs (D:5)
4 creatures vanquished.

Vanquished Creatures (others)
  An orc (Orc:2)
  18 fungi
  48 plants
67 creatures vanquished.

Grand Total: 1020 creatures vanquished

Notes
Turn   | Place    | Note
-------+----------+-------------------------------------------
     0 | D:1      | Warped the Formicid Fighter began the quest for the Orb.
     0 | D:1      | Reached XP level 1. HP: 18/18 MP: 1/1
   404 | D:1      | Reached XP level 2. HP: 24/24 MP: 2/2
   645 | D:2      | Reached XP level 3. HP: 6/29 MP: 3/3
  1084 | D:2      | Found a runed translucent door.
  1096 | D:2      | Noticed Crazy Yiuf
  1241 | D:2      | Found a hazy altar of Hepliaklqana.
  1328 | D:2      | Found a faded altar of an unknown god.
  1596 | D:2      | Killed Crazy Yiuf
  1597 | D:2      | Reached XP level 4. HP: 23/35 MP: 4/4
  1912 | D:3      | Found a hazy altar of Hepliaklqana.
  1947 | D:3      | Found a sparkling altar of Nemelex Xobeh.
  2170 | D:3      | Reached XP level 5. HP: 41/41 MP: 5/5
  2401 | D:4      | Noticed a black bear
  2447 | D:4      | Noticed Grinder
  2493 | D:4      | Noticed Pikel
  2493 | D:4      | Noticed a lemure
  2493 | D:4      | Noticed a lemure
  2493 | D:4      | Noticed a lemure
  2493 | D:4      | Noticed a lemure
  2508 | D:3      | Killed a lemure
  2514 | D:3      | Killed a lemure
  2559 | D:4      | Noticed Blork the orc
  2584 | D:3      | Killed Grinder
  2585 | D:3      | Reached XP level 6. HP: 28/47 MP: 6/6
  2594 | D:3      | Killed a black bear
  2595 | D:3      | Reached XP level 7. HP: 40/52 MP: 7/7
  2662 | D:4      | Killed Blork the orc
  2677 | D:4      | Noticed Eustachio
  2751 | D:4      | Killed Eustachio
  2825 | D:4      | Found Ufrul's General Store.
  2830 | D:4      | Bought a potion of curing for 39 gold pieces
  2854 | D:4      | Killed Pikel
  2855 | D:4      | Reached skill level 1 in Dodging
  2855 | D:4      | Reached XP level 8. HP: 30/60 MP: 8/8
  3092 | D:5      | Entered Level 5 of the Dungeon
  3202 | D:5      | Noticed Menkaure
  3352 | D:5      | Killed Menkaure
  3353 | D:5      | Reached XP level 9. HP: 52/60 MP: 9/9
  3381 | D:5      | Reached skill level 10 in Staves
  3778 | D:5      | Noticed Edmund
  3796 | D:5      | Killed Edmund
  3938 | D:6      | Reached skill level 5 in Shields
  4372 | D:6      | Identified the +9 war axe "Masuloli" {holy, rF- rN++ Int+4}
  4496 | D:6      | Reached skill level 5 in Fighting
  4543 | D:6      | Reached XP level 10. HP: 57/74 MP: 10/10
  4884 | D:7      | Found a transporter.
  4904 | D:7      | Found a transporter.
  4906 | D:7      | Noticed ASSMAN's ghost (weakling DEDe)
  5084 | D:7      | Found an ancient bone altar of Kikubaaqudgha.
  5170 | D:7      | Found a staircase to the Ecumenical Temple.
  5649 | D:7      | Killed ASSMAN's ghost
  5718 | Temple   | Entered the Ecumenical Temple
  5762 | Temple   | Became a worshipper of Makhleb the Destroyer
  5922 | D:8      | Noticed a rime drake
  5927 | D:8      | Killed a rime drake
  6102 | D:8      | Found Sirchix's Demolitions Depot.
  6201 | D:8      | Reached * piety under Makhleb
  6250 | D:8      | Found a staircase to the Lair.
  6334 | D:8      | Found a flagged portal.
  6382 | Bailey   | Entered a bailey
  6493 | Bailey   | Reached XP level 11. HP: 49/81 MP: 11/11
  6565 | Bailey   | Reached ** piety under Makhleb
  7519 | D:9      | Found a glowing golden altar of the Shining One.
  7932 | D:9      | Noticed a two-headed ogre
  7944 | D:9      | Killed a two-headed ogre
  8352 | D:10     | Entered Level 10 of the Dungeon
  8599 | D:10     | Reached *** piety under Makhleb
  8673 | D:10     | Reached skill level 5 in Armour
  8941 | Lair:1   | Entered Level 1 of the Lair of Beasts
  9122 | Lair:1   | Reached skill level 15 in Staves
  9239 | Lair:1   | Reached XP level 12. HP: 92/92 MP: 12/12
 10279 | Lair:2   | Noticed Erica
 10291 | Lair:2   | Killed Erica
 10291 | Lair:2   | Reached **** piety under Makhleb
 10491 | Lair:2   | Identified the +7 halberd "Hydraslayer" {venom, rCorr
                  | Dex+4}
 10774 | Lair:2   | Identified the +6 trident "Ecoazeu" {speed, rF+ rC++ Str-5
                  | Int+2}
 10870 | Lair:2   | Found a blossoming altar of Fedhas.
 11034 | Lair:2   | Found a staircase to the Snake Pit.
 11489 | Lair:3   | Noticed a five-headed hydra
 11489 | Lair:3   | Noticed a five-headed hydra
 11489 | Lair:3   | Found a runed translucent gate.
 11489 | Lair:3   | Found a runed translucent gate.
 11489 | Lair:3   | Found a runed translucent gate.
 11520 | Lair:2   | Reached XP level 13. HP: 36/102 MP: 13/13
 11683 | Lair:3   | Reached skill level 10 in Fighting
 11777 | Lair:3   | Killed a one-headed hydra
 11795 | Lair:3   | Killed a one-headed hydra
 12143 | Lair:3   | Noticed a 12-headed hydra
 12144 | Lair:3   | Noticed ASSMAN's ghost (journeyman DrBr)
 12144 | Lair:3   | Noticed an 11-headed hydra
 12676 | Lair:4   | Reached ***** piety under Makhleb
 12747 | Lair:4   | Noticed a seven-headed hydra
 12760 | Lair:4   | Killed a two-headed hydra
 12784 | Lair:4   | Noticed a seven-headed hydra
 12793 | Lair:4   | Killed a five-headed hydra
 12926 | Lair:4   | Noticed a six-headed hydra
 12938 | Lair:4   | Killed a one-headed hydra
 13079 | Lair:4   | Found a hole to the Spider Nest.
 13339 | Lair:4   | Identified the +3 flail of Tension {freeze, rElec rC+ Will-
                  | Str+5}
 13987 | Lair:5   | Found a staircase to the Slime Pits.
 14253 | Lair:6   | Entered Level 6 of the Lair of Beasts
 14293 | Lair:6   | Reached skill level 10 in Shields
 14312 | Lair:6   | Reached skill level 10 in Armour
 14547 | Lair:6   | Noticed a four-headed hydra
 14562 | Lair:6   | Killed a two-headed hydra
 14727 | Lair:5   | Reached XP level 14. HP: 50/113 MP: 14/14
 15176 | Lair:6   | Identified the +5 flail of Qoilaga {vorpal, rC+}
 15262 | Lair:6   | Reached ****** piety under Makhleb
 15531 | Lair:6   | Noticed a quicksilver ooze
 15540 | Lair:6   | Killed a quicksilver ooze
 16134 | D:11     | Noticed Nergalle
 16142 | D:11     | Killed Nergalle
 16402 | D:11     | Found a runed translucent gate.
 16402 | D:11     | Found a runed translucent gate.
 16402 | D:11     | Found a runed translucent gate.
 16410 | D:11     | Noticed gimp's ghost (journeyman FoWn)
 16802 | D:11     | Killed gimp's ghost
 17074 | D:12     | Found a staircase to the Orcish Mines.
 17242 | D:12     | Found a portal to a secret trove of treasure.
 17623 | Orc:1    | Entered Level 1 of the Orcish Mines
 17623 | Orc:1    | Found Akoawkuk's Armour Shop.
 17686 | D:12     | Reached XP level 15. HP: 100/114 MP: 15/15
 17795 | Orc:1    | Bought the +0 tower shield of the Old World {rC+} for 296
                  | gold pieces
 17847 | Orc:1    | Reached skill level 1 in Invocations
 17981 | Orc:1    | Found a runed translucent gate.
 17981 | Orc:1    | Found a runed translucent gate.
 17981 | Orc:1    | Found a runed translucent gate.
 17985 | Orc:1    | Noticed Clumpoid's ghost (journeyman TrMo)
 18013 | Orc:1    | Reached skill level 1 in Evocations
 18016 | Orc:1    | Reached skill level 5 in Dodging
 18221 | Orc:2    | Entered Level 2 of the Orcish Mines
 18541 | Orc:2    | Found Notacu's Jewellery Shoppe.
 18809 | Orc:2    | Found Qappov's Distillery.
 18814 | Orc:2    | Bought a potion of heal wounds for 70 gold pieces
 18988 | Orc:2    | Found a staircase to the Elven Halls.
 19131 | Orc:2    | Found Nadgh's Antique Weapon Shop.
 19133 | Orc:2    | Found Fiyfip's Antique Armour Boutique.
 19287 | Orc:2    | Noticed Saint Roka
 19312 | Orc:2    | Killed Saint Roka
 19313 | Orc:2    | Reached skill level 15 in Shields
 19573 | Orc:2    | Bought a faintly humming cloak for 256 gold pieces
 19573 | Orc:2    | Identified the +1 cloak of Lies {Rampage Str+4 Int-2
                  | Stlth+} (You bought it in a shop on level 2 of the Orcish
                  | Mines)
 19687 | Orc:2    | Bought the amulet "Dehigage" {Reflect Str+8 SH+5 Stlth-}
                  | for 733 gold pieces
 19765 | Elf:1    | Entered Level 1 of the Elven Halls
 20513 | D:13     | Noticed Sonja
 20524 | D:13     | Killed Sonja
 20880 | D:13     | Found a large runed translucent door.
 20882 | D:13     | Found a large runed translucent door.
 20885 | D:13     | Noticed Wipuing's ghost (journeyman MiBe)
 21321 | Orc:2    | Bought a potion of curing for 42 gold pieces
 21321 | Orc:2    | Bought a potion of curing for 42 gold pieces
 21321 | Orc:2    | Bought a potion of curing for 42 gold pieces
 21438 | D:13     | Found a broken altar of Ashenzari.
 21654 | D:13     | Killed Wipuing's ghost
 21918 | D:14     | Noticed Nessos
 21923 | D:14     | Killed Nessos
 21987 | D:14     | Found a gate to the Vaults.
 22100 | D:14     | Found a shadowy altar of Dithmenos.
 22105 | D:14     | Noticed Frances
 22121 | D:14     | Killed Frances
 22704 | D:15     | Entered Level 15 of the Dungeon
 22883 | D:15     | Found a staircase to the Depths.
 22896 | D:15     | HP: 2/123 [shadow dragon zombie (11)]
 22918 | D:15     | Reached XP level 16. HP: 90/130 MP: 19/19
 22944 | D:15     | Reached skill level 5 in Invocations
 23091 | D:15     | Gained mutation: Your flesh is heat resistant. (rF+)
                  | [potion of mutation]
 23091 | D:15     | Gained mutation: You are dopey. (Int -2) [potion of
                  | mutation]
 23867 | Snake:1  | Entered Level 1 of the Snake Pit
 24164 | Orc:1    | You fall into a shaft and drop 1 floor!
 24257 | Orc:1    | Gained mutation: Your spells are a little easier to cast,
                  | but a little less powerful. [a neqoxec]
 24591 | Orc:1    | Identified the +0 ring mail "Lusot" {Drain +Blink rC+
                  | Int+3}
 24670 | Orc:1    | Killed Clumpoid's ghost
 24914 | Lair:3   | HP: 4/128 [11-headed hydra (8)]
 25690 | Lair:3   | Killed ASSMAN's ghost
 28282 | Snake:2  | Reached skill level 5 in Evocations
 28541 | Snake:2  | Found Bypunk's Distillery.
 28918 | Snake:2  | Found Yrui's General Store.
 28921 | Snake:2  | Found Oqokif's Distillery.
 28921 | Snake:2  | Found Neenev's Jewellery Shop.
 28924 | Snake:2  | Found Tuidis's Antique Weapon Boutique.
 28935 | Snake:2  | Bought a potion of resistance for 150 gold pieces
 28935 | Snake:2  | Bought a potion of heal wounds for 75 gold pieces
 28935 | Snake:2  | Bought a potion of curing for 45 gold pieces
 28935 | Snake:2  | Bought a potion of curing for 45 gold pieces
 28989 | Snake:2  | Reached XP level 17. HP: 56/139 MP: 22/22
 29837 | Snake:3  | Reached skill level 10 in Dodging
 30636 | Snake:4  | Entered Level 4 of the Snake Pit
 30849 | Snake:4  | Found the ring of Shadows {Umbra +Inv Stlth+}
 31185 | Snake:4  | Reached skill level 15 in Fighting
 31475 | Snake:4  | Reached XP level 18. HP: 125/137 MP: 23/23
 31801 | Snake:4  | Noticed a quicksilver dragon
 31808 | Snake:4  | Noticed a quicksilver dragon
 31830 | Snake:4  | Killed from afar by a quicksilver dragon

Illustrated notes

Levels and vault maps discovered:
D:1:      tarquinn_simple_flora_water_f, layout_rooms, minmay_surrounded
D:2:      layout_rooms, basic_altar,
          hellmonk_ecumenical_altar_pennies_from_heaven,
          minmay_tree_intersection, minmay_splitting_lines,
          uniq_crazy_yiuf_cottage
D:3:      layout_basic, mainiacjoe_overflow_alcove_4, general_overflow_altar,
          hangedman_decor_points
D:4:      layout_rooms, serial_shops, nicolae_shop_statue_plus, uniq_pikel,
          uniq_grinder, uniq_blork_the_orc, uniq_eustachio
D:5:      kennysheep_slugbush, layout_basic, uniq_edmund, uniq_menkaure
D:6:      layout_basic, minmay_joined_circles
D:7:      layout_basic, lemuel_coloured_pillars_altar,
          minmay_temple_entry_glassed_door, gammafunk_ghost_hive,
          columned_hall_lemuel, minmay_strange_pillars, nrook_loot_triangle
D:8:      layout_loops_ring, erik_lair_orcish_takeover, enter_bailey_8,
          nicolae_blasting_shop
D:9:      layout_loops_corners, mainiacjoe_overflow_boulevard
D:10:     layout_roguey
D:11:     layout_long_grid, gammafunk_ghost_nasty_kobolds, dk_noncrumbling_3,
          uniq_nergalle
D:12:     layout_long_grid, david_orc_2, nicolae_trove_entry_path_of_doom,
          item_on_display_a
D:13:     layout_gridville, ebering_ghost_disaster_area, drop_trap,
          ashenzari_conservatory_becter, uniq_sonja
D:14:     layout_cave_pools, hangedman_vaults_entry_quadrant_bands,
          grunt_dithmenos_smoke, uniq_nessos, uniq_frances
D:15:     gammafunk_depths_entry_grave, layout_stronghold,
          amcnicky_mini_pool_small
Temple:   compressed_dpeg_circular_temple
Lair:1:   layout_cave_pods, nicolae_quartered_pool_super,
          grunt_forest_small_clearing_treed, grunt_megastairs_3
Lair:2:   layout_chaotic_city, minmay_snake_entry_guardpost_medium, tgw_fedhas,
          infiniplex_staircase_pool_2, uniq_erica
Lair:3:   layout_loops_ring, gammafunk_ghost_hydra_chop, grunt_megastairs_1
Lair:4:   layout_hall_layers, nicolae_spider_entry_non_spiders,
          grunt_megastairs_2, serial_bayou_shore_b
Lair:5:   layout_roguey, minmay_slime_entry_jelly_boxes, serial_bayou_pond_d
Lair:6:   minmay_lair_end_enchanted_forest, layout_regular_city, st_stairs_6,
          nicolae_lair_time_for_slime
Snake:1:  layout_layer_cave
Snake:2:  layout_honeycomb, serial_shops, shop, minmay_shoptagon,
          serial_bayou_shore_a, lemuel_fruit_tree, grunt_megastairs_5
Snake:3:  layout_misc_corridors, drop_trap
Snake:4:  hellmonk_snake_rune_quicksilver_temple, layout_rooms
Orc:1:    layout_caves, biasface_ghost_orc_armoury, serial_shops, shop_coins
Orc:2:    grunt_orc_community_town_hall, layout_diamond_mine,
          grunt_orc_community_big_house_1, grunt_orc_community_big_house_2,
          grunt_orc_community_house_2, grunt_orc_community_house_3,
          grunt_orc_community_house_1, grunt_orc_community_house_1,
          grunt_orc_community_house_2, grunt_orc_community_house_3
Elf:1:    eino_elf_arrival_customs, layout_loops_corners, minmay_elf_necromancy,
          lemuel_statue_altar, nicolae_elf_big_sculpture_3, evilmike_minifort

Skill      XL: |  1  2  3  4  5  6  7  8  9 10 11 12 13 14 15 16 17 18 |
---------------+-------------------------------------------------------+-----
Staves         | 3 4 6 7 9 11 13 15 16 | 16.1
Dodging        | 1 3 4 7 9 11 | 11.3
Shields        | 4 5 6 10 14 15 16 | 16.1
Fighting       | 4 5 6 7 9 11 12 13 14 15 | 15.4
Armour         | 5 8 10 11 12 13 14 | 14.7
Invocations    | 4 7 |  7.0
Evocations     | 4 5 6 |  6.0

Action                   |  1- 3 |  4- 6 |  7- 9 | 10-12 | 13-15 | 16-18 || total
-------------------------+-------+-------+-------+-------+-------+-------++-------
Melee: Quarterstaff      |    99 |    91 |   214 |   590 |    55 |    83 ||  1132
       Halberd           |       |       |       |   286 |  1311 |   360 ||  1957
       Scimitar          |       |       |       |       |    54 |    14 ||    68
       Lajatang          |       |       |       |       |       |   447 ||   447
Invok: Major Destruction |       |       |       |       |       |     1 ||     1
 Abil: Dig               |     1 |     1 |     1 |     9 |     7 |    14 ||    33
       Shaft Self        |       |       |       |       |       |     1 ||     1
Evoke: Wand              |       |       |     2 |     3 |     7 |     3 ||    15
       Phantom mirror    |       |       |       |       |     1 |     1 ||     2
  Use: Scroll            |     1 |     2 |     2 |    15 |     6 |    13 ||    39
       Potion            |     1 |       |     1 |     3 |    18 |     9 ||    32
 Stab: Paralysed         |       |       |       |       |       |     2 ||     2
Armor: Scale mail        |    26 |    10 |       |       |       |       ||    36
       Ring mail         |       |    36 |    86 |    30 |       |       ||   152
       Plate armour      |       |       |       |   198 |   438 |       ||   636
       Skin              |       |       |       |     8 |       |       ||     8
       Fire dragon scale |       |       |       |       |    30 |   134 ||   164
Dodge: Dodged            |    40 |    51 |   131 |   217 |   341 |   248 ||  1028
Block: Buckler           |    19 |    24 |    47 |   165 |    24 |       ||   279
       Tower shield      |       |       |       |       |  1338 |   967 ||  2305
       Reflection        |       |       |       |       |    10 |   102 ||   112

Table legend: (Time is in decaauts)
 A = Elapsed time spent in this place.
 B = Non-inter-level travel time spent in this place.
 C = Inter-level travel time spent in this place.
 D = Time resting spent in this place.
 E = Time spent auto-exploring this place.
 F = Levels seen in this place.
 G = Mean time per level.
                   A        B        C        D        E       F      G
               +--------+--------+--------+--------+--------+-----+--------+
         Total |  31519 |  28702 |   2817 |   3826 |  17705 |  30 | 1050.6 |
       Dungeon |  13665 |  12254 |   1411 |    603 |   8824 |  15 |  911.0 |
        Temple |     68 |     45 |     23 |      0 |     19 |   1 |   68.0 |
          Lair |   8079 |   7332 |    747 |   1140 |   4450 |   6 | 1346.5 |
     Snake Pit |   6011 |   5963 |     48 |   1401 |   3251 |   4 | 1502.8 |
  Orcish Mines |   3095 |   2508 |    587 |    652 |    986 |   2 | 1547.5 |
   Elven Halls |     24 |     24 |      0 |      0 |      0 |   1 |   24.0 |
        Bailey |    572 |    572 |      0 |     30 |    175 |   1 |  572.0 |
               +--------+--------+--------+--------+--------+-----+--------+

Top non-repeatable levels by time:
 Snake:1: 2227 daAuts
   Orc:2: 1962 daAuts
  Lair:2: 1851 daAuts
 Snake:2: 1718 daAuts
  Lair:6: 1573 daAuts
  Lair:3: 1495 daAuts
    D:13: 1417 daAuts
  Lair:1: 1400 daAuts
  Lair:4: 1149 daAuts
   Orc:1: 1133 daAuts
 Snake:3: 1101 daAuts
     D:2: 1072 daAuts
     D:8: 1036 daAuts
     D:3: 1015 daAuts
    D:12: 1015 daAuts
